 Dungeon Crawl Stone Soup version 0.14.1-27-g0f46f74 (webtiles) character file.

67 Kae the Sneak (level 3, -6/16 HPs)
             Began as a Spriggan Enchanter on Aug 9, 2014.
             Mangled by Sigmund
             ... wielding a +1,+1 scythe
              (11 damage)
             ... on Level 2 of the Dungeon.
             The game lasted 00:01:14 (1202 turns).

Kae the Sneak (Spriggan Enchanter)                  Turns: 1202, Time: 00:01:14

HP  -6/16        AC  3     Str  5      XL: 3   Next:  3%
MP   7/9         EV 18     Int 16      God:
Gold 37          SH  0     Dex 16      Spells:  2 memorised,  4 levels left

rFire  . . .     SeeInvis +     b - +2,+0 dagger (venom)
rCold  . . .     Clarity  .     j - +1 robe
rNeg   . . .     Conserve .     (shield restricted)
rPois  .         rCorr    .     (helmet restricted)
rElec  .         rRot     .     (no cloak)
SustAb . .       Spirit   .     (gloves unavailable)
rMut   .         Warding  .     (boots unavailable)
Saprov . . .     Stasis   .     (no amulet)
MR     .....                    (no ring)
                                (no ring)

@: very quick, not resistant to hostile enchantments, quite stealthy
A: unfitting armour, see invisible, herbivore 3, speed 3, slow metabolism 2
a: no special abilities


You were on level 2 of the Dungeon.
You were not hungry.

You visited 1 branch of the dungeon, and saw 2 of its levels.

You collected 37 gold pieces.

Inventory:

Hand weapons
 a - a +1,+1 dagger
 b - a +2,+0 dagger of venom (weapon)
Missiles
 d - 12 darts (quivered)
Armour
 j - a +1 robe (worn)
Magical devices
 o - a wand of confusion (12) {unknown}
Comestibles
 g - an apple
 p - a bread ration
Scrolls
 h - 2 scrolls of fear {unknown}
 i - 3 scrolls of identify {unknown}
 l - a scroll of immolation {unknown}
 m - a scroll of magic mapping {unknown}
Jewellery
 n - an uncursed ring of protection from cold {unknown}
Potions
 e - a potion of porridge
 f - 2 potions of curing {unknown}
 k - a potion of restore abilities {unknown}
 q - a potion of haste {unknown}
Books
 c - a book of Maledictions

   Spells                             Type                      Level
   *Corona                            Hexes                        1
   Sure Blade                         Hexes/Charms                 2
   *Ensorcelled Hibernation           Hexes/Ice                    2
   Confuse                            Hexes                        3
   Enslavement                        Hexes                        4
   Invisibility                       Hexes                        6


   Skills:
 * Level 2.1 Short Blades
 - Level 1.1 Throwing
 - Level 3.0 Dodging
 * Level 4.3 Stealth
 + Level 2.9 Spellcasting
 + Level 3.7 Hexes


You had 4 spell levels left.
You knew the following spells:

 Your Spells              Type           Power        Failure   Level  Hunger
a - Corona                Hex            ##.....      4%          1    #......
b - Ensorcelled Hibernat  Hex/Ice        #.....       14%         2    ##.....


Dungeon Overview and Level Annotations

Branches:
Dungeon (2/15)

Altars:

Annotations:
D:2 Sigmund


Innate Abilities, Weirdness & Mutations

You are tiny and cannot use many weapons and most armour.
You have supernaturally acute eyesight.
You are a herbivore.
You cover ground extremely quickly.
You need consume almost no food.


Message History

Sigmund is nearby!
The helpless Sigmund fails to defend himself.
You slice Sigmund!!
Sigmund is poisoned.
Sigmund is almost dead.
Sigmund barely misses you.
Cast which spell? (? or * to list)
Aiming: Ensorcelled Hibernation
Press: ? - help, Shift-Dir - straight line, f - Sigmund
Aim: Sigmund, wielding a scythe and wearing a robe (almost dead, poisoned) Sigmund resists.
You barely miss Sigmund.
Sigmund is almost dead.
Sigmund hits you with a scythe!
Ouch! That really hurt!
You are too injured to fight recklessly!
You hit Sigmund.
Sigmund looks even sicker.
Sigmund is almost dead.
Sigmund hits you with a scythe!
Ouch! That really hurt!
You die...

#.#.# #.#.# ### ###.#.#
#.. ..#.#.# #.# #.#.#.#
#.# #.#)#.# #.###.#.#.#
###.#.....#.##+##########
.....>..........@........
###.#.#####......@......#
#.#.# ####.########.
#...# #... ##### #####


You could see Sigmund.

Vanquished Creatures
  2 giant geckos
  8 bats (D:1)
  2 giant cockroaches (D:1)
  6 goblins
  4 hobgoblins
  A kobold (D:1)
  2 giant newts
  A rat (D:1)
26 creatures vanquished.

Notes
Turn   | Place    | Note
--------------------------------------------------------------
     0 | D:1      | Kae, the Spriggan Enchanter, began the quest for the Orb.
     0 | D:1      | Reached XP level 1. HP: 9/9 MP: 4/4
   226 | D:1      | Reached XP level 2. HP: 11/13 MP: 7/7
   620 | D:1      | Reached skill level 4 in Stealth
   928 | D:2      | Learned a level 2 spell: Ensorcelled Hibernation
  1098 | D:2      | Reached XP level 3. HP: 11/16 MP: 9/9
  1192 | D:2      | Noticed Sigmund
  1202 | D:2      | Mangled by Sigmund

Action                   || total
-------------------------++-------
Melee: Dagger            ||    79
 Cast: Ensorcelled Hiber ||     1
 Stab: Sleeping          ||     7
